AoeStats
← Fideos+Salsa

Oasis

510024885Analyzed
4v4 RM · 2d ago on Sep 29, 2026· 9m 33s· 8 players
Game mode
Random Map
Map size
Large (8 player)
Population
200
Speed
Normal
Resources
Standard
Victory
Conquest
Starting age
Dark Age
Ending age
Imperial Age
RankedLock teamsTeams togetherTeam positionsShared explorationLock speedFull tech treeHidden civsTurbo modeCheats
Victory
Defeat
🇨🇱 Britons · Chile
1297
+5
🇨🇱 Khmer · Chile
1070
+12
🇨🇱 Japanese · Chile
1044
+13
🇨🇱 Byzantines · Chile
680
+27
1024
-16
🇲🇽 Wei · Mexico
1018
-16
🇻🇳 Japanese · Vietnam
982
-14
🇻🇪 Teutons · Venezuela
899
-11
Công An Xã
0:41 Loom
Supreme Leader Donald J. Trump
6:24 Loom
9:16 Feudal Age
ArmandoIsLife
6:15 Loom
9:31 Feudal Age
Dryzar
5:18 Loom
9:41 Feudal Age
Cuchorro
4:50 Loom
Fideos+Salsa
0:39 Loom
jorgex0000
6:29 Loom
6:38 Loom
9:59 Feudal Age
[TVDT] Emiliator
7:13 Loom
10:11 Feudal Age
Connection lost

Rejoining the realm…

Still unreachable

The connection could not be restored.

Session expired

The server has moved on; the page needs a fresh start.